ITL
BIRMINGHAM BARONS @ DETROIT X-WINGS
07/08/2027
 
TOP OF THE 1ST
Birmingham Barons batting - Pitching for Detroit X-Wings : RHP Carlos Díaz
Pitching: RHP Carlos Díaz
Batting: LHB Al Gaines 0-0: Called Strike
0-1: Called Strike
0-2: Ground out 4-3 (Groundball, 34)
Batting: RHB Warren Martin 0-0: Ground out 6-3 (Groundball, 6)
Batting: RHB Yujiro Kurihara 0-0: Ball
1-0: Ball
2-0: Ball
3-0: Foul Ball, location: 2F
3-1: Called Strike
3-2: Foul Ball, location: 2F
3-2: Foul Ball, location: 2F
3-2: Base on Balls
Batting: SHB Anastasio Ortíz 0-0: Ball
1-0: Ball
2-0: Ball
3-0: Base on Balls
Yujiro Kurihara to second
Batting: RHB Jean-Paul St-Pierre 0-0: Fielders Choice at 2nd, 6-4 (Groundball, 56)
Top of the 1st over - 0 run(s), 0 hit(s), 0 error(s), 1 left on base; Birmingham 0 - Detroit 0
BOTTOM OF THE 1ST
Detroit X-Wings batting - Pitching for Birmingham Barons : RHP Jorge Salazar
Pitching: RHP Jorge Salazar
Batting: RHB Júlio López 0-0: Called Strike
0-1: Foul Ball, location: 2F
0-2: Foul Ball, location: 2F
0-2: Ball
1-2: Strikes out swinging
Batting: LHB Chris Loudermilk 0-0: Ball
1-0: Ball
2-0: SINGLE (Line Drive, 34)
Batting: LHB Juan Colón 0-0: Called Strike
0-1: Called Strike
0-2: Foul Ball, location: 2F
0-2: Ball
1-2: Strikes out swinging
Batting: RHB Enrique Aguilar 0-0: Ball
Chris Loudermilk steals 2nd base
1-0: Called Strike
1-1: Ground out 4-3 (Groundball, 4MD)
Bottom of the 1st over - 0 run(s), 1 hit(s), 0 error(s), 1 left on base; Birmingham 0 - Detroit 0
TOP OF THE 2ND
Birmingham Barons batting - Pitching for Detroit X-Wings : RHP Carlos Díaz
Batting: RHB Vicente Elías 0-0: Called Strike
0-1: Ball
1-1: Called Strike
1-2: Ball
2-2: Fly out, F6 (Line Drive, 6M)
Batting: RHB Peyton Yardley 0-0: Bunted foul
0-1: Ball
1-1: Swinging Strike
1-2: SINGLE (Groundball, 56D)
Batting: RHB Pete Smith 0-0: Ball
1-0: Fly out, F4 (Flyball, 4MD)
Batting: RHB David Raymos 0-0: Ball
1-0: Called Strike
1-1: Fielders Choice at 2nd, 4-6 (Groundball, 4)
Top of the 2nd over - 0 run(s), 1 hit(s), 0 error(s), 0 left on base; Birmingham 0 - Detroit 0
BOTTOM OF THE 2ND
Detroit X-Wings batting - Pitching for Birmingham Barons : RHP Jorge Salazar
Batting: RHB Albert Chávez 0-0: Ball
1-0: Ball
2-0: Ground out 6-3 (Groundball, 56)
Batting: RHB Keith Sims 0-0: Ball
1-0: DOUBLE (Line Drive, 78D)
Batting: LHB Sergio Luna 0-0: Swinging Strike
0-1: Swinging Strike
0-2: Ball
1-2: Strikes out swinging
Batting: RHB Jorge Castillo 0-0: Swinging Strike
0-1: Fly out, F6 (Popup, 6MD)
Bottom of the 2nd over - 0 run(s), 1 hit(s), 0 error(s), 1 left on base; Birmingham 0 - Detroit 0
TOP OF THE 3RD
Birmingham Barons batting - Pitching for Detroit X-Wings : RHP Carlos Díaz
Batting: LHB Al Gaines 0-0: Ball
1-0: Bunted foul
1-1: SINGLE (Line Drive, 7LS)
Batting: RHB Warren Martin 0-0: Ball
1-0: DOUBLE (Line Drive, 7LD)
Al Gaines to third
Runner from 3rd tries for Home, SAFE, no throw
Batting: RHB Yujiro Kurihara 0-0: Called Strike
0-1: Ball
1-1: Swinging Strike
1-2: Ball
2-2: Ball
3-2: Base on Balls
Batting: SHB Anastasio Ortíz 0-0: SINGLE (Groundball, 6S) (infield hit)
Warren Martin to third
Yujiro Kurihara to second
Batting: RHB Jean-Paul St-Pierre 0-0: Called Strike
0-1: Ball
1-1: Called Strike
1-2: Strikes out looking
Batting: RHB Vicente Elías 0-0: Ball
1-0: Swinging Strike
1-1: Ball
2-1: Ball
3-1: Fly out, F6 (Line Drive, 56)
Batting: RHB Peyton Yardley 0-0: Foul Ball, location: 2F
0-1: Ball
1-1: Called Strike
1-2: Foul Ball, location: 2F
1-2: Ball
2-2: Strikes out swinging
Top of the 3rd over - 1 run(s), 3 hit(s), 0 error(s), 3 left on base; Birmingham 1 - Detroit 0
BOTTOM OF THE 3RD
Detroit X-Wings batting - Pitching for Birmingham Barons : RHP Jorge Salazar
Batting: LHB Paul Alston 0-0: Called Strike
0-1: Ball
1-1: Ground out 4-3 (Groundball, 4)
Batting: RHB Júlio López 0-0: Ball
1-0: Ball
2-0: Ball
3-0: Called Strike
3-1: Foul Ball, location: 2F
3-2: Base on Balls
Batting: LHB Chris Loudermilk 0-0: Called Strike
0-1: Called Strike
0-2: Ball
Júlio López is caught stealing 2nd base
1-2: Foul Ball, location: 2F
1-2: Strikes out swinging
Bottom of the 3rd over - 0 run(s), 0 hit(s), 0 error(s), 0 left on base; Birmingham 1 - Detroit 0
TOP OF THE 4TH
Birmingham Barons batting - Pitching for Detroit X-Wings : RHP Carlos Díaz
Batting: RHB Pete Smith 0-0: Ball
1-0: Called Strike
1-1: Fly out, F8 (Flyball, 89D)
Batting: RHB David Raymos 0-0: Called Strike
0-1: Foul Ball, location: 2F
0-2: Ball
1-2: Strikes out swinging
Batting: LHB Al Gaines 0-0: Ball
1-0: Called Strike
1-1: Fly out, F9 (Flyball, 9)
Top of the 4th over - 0 run(s), 0 hit(s), 0 error(s), 0 left on base; Birmingham 1 - Detroit 0
BOTTOM OF THE 4TH
Detroit X-Wings batting - Pitching for Birmingham Barons : RHP Jorge Salazar
Batting: LHB Juan Colón 0-0: Swinging Strike
0-1: Called Strike
0-2: Strikes out looking
Batting: RHB Enrique Aguilar 0-0: Swinging Strike
0-1: Swinging Strike
0-2: Strikes out swinging
Batting: RHB Albert Chávez 0-0: Called Strike
0-1: Ball
1-1: Ball
2-1: Foul Ball, location: 2F
2-2: Strikes out looking
Bottom of the 4th over - 0 run(s), 0 hit(s), 0 error(s), 0 left on base; Birmingham 1 - Detroit 0
TOP OF THE 5TH
Birmingham Barons batting - Pitching for Detroit X-Wings : RHP Carlos Díaz
Batting: RHB Warren Martin 0-0: Ground out 5-3 (Groundball, 56)
Batting: RHB Yujiro Kurihara 0-0: Ball
1-0: Fly out, F9 (Flyball, 9S)
Batting: SHB Anastasio Ortíz 0-0: Foul Ball, location: 2F
0-1: Called Strike
0-2: Fly out, F3 (Popup, 34)
Top of the 5th over - 0 run(s), 0 hit(s), 0 error(s), 0 left on base; Birmingham 1 - Detroit 0
BOTTOM OF THE 5TH
Detroit X-Wings batting - Pitching for Birmingham Barons : RHP Jorge Salazar
Batting: RHB Keith Sims 0-0: Called Strike
0-1: Ball
1-1: Fly out, F7 (Flyball, 7D)
Batting: LHB Sergio Luna 0-0: Ground out 4-3 (Groundball, 34)
Batting: RHB Jorge Castillo 0-0: Ball
1-0: Foul Ball, location: 2F
1-1: Swinging Strike
1-2: Ground out 6-3 (Groundball, 6)
Bottom of the 5th over - 0 run(s), 0 hit(s), 0 error(s), 0 left on base; Birmingham 1 - Detroit 0
TOP OF THE 6TH
Birmingham Barons batting - Pitching for Detroit X-Wings : RHP Carlos Díaz
Batting: RHB Jean-Paul St-Pierre 0-0: Ball
1-0: Foul Ball, location: 2F
1-1: Ball
2-1: Ball
3-1: Base on Balls
Batting: RHB Vicente Elías 0-0: Ball
1-0: Called Strike
1-1: Grounds into double play, 4-6-3 (Groundball, 4)
Batting: RHB Peyton Yardley 0-0: Foul Ball, location: 2F
0-1: Ball
1-1: SINGLE (Groundball, 13) (infield hit)
Batting: RHB Pete Smith 0-0: Called Strike
Peyton Yardley steals 2nd base
0-1: Fly out, F9 (Flyball, 9LM)
Top of the 6th over - 0 run(s), 1 hit(s), 0 error(s), 1 left on base; Birmingham 1 - Detroit 0
BOTTOM OF THE 6TH
Detroit X-Wings batting - Pitching for Birmingham Barons : RHP Jorge Salazar
Batting: LHB Paul Alston 0-0: Foul Ball, location: 2F
0-1: Foul Ball, location: 2F
0-2: Ball
1-2: Ball
2-2: Strikes out looking
Batting: RHB Júlio López 0-0: Ball
1-0: Ball
2-0: Ground out 6-3 (Groundball, 6)
Batting: LHB Chris Loudermilk 0-0: Called Strike
0-1: Foul Ball, location: 2F
0-2: Ball
1-2: Ground out U3 (Groundball, 3L)
Bottom of the 6th over - 0 run(s), 0 hit(s), 0 error(s), 0 left on base; Birmingham 1 - Detroit 0
TOP OF THE 7TH
Birmingham Barons batting - Pitching for Detroit X-Wings : RHP Carlos Díaz
Pitching: RHP Felipe Téllez
Batting: RHB David Raymos 0-0: Ball
1-0: SINGLE (Groundball, 6MD)
Pitching: LHP Javier Duarte
Batting: LHB Al Gaines 0-0: Foul Ball, location: 2F
0-1: Bunt missed!
0-2: Foul Ball, location: 2F
0-2: Ball
1-2: Foul Ball, location: 2F
1-2: Fielders Choice at 2nd, 4-6 (Groundball, 4D)
Pitching: LHP Richard Dorris
Batting: RHB Warren Martin 0-0: Ball
Al Gaines is caught stealing 2nd base
1-0: Swinging Strike
1-1: Foul Ball, location: 2F
1-2: Strikes out swinging
Top of the 7th over - 0 run(s), 1 hit(s), 0 error(s), 0 left on base; Birmingham 1 - Detroit 0
BOTTOM OF THE 7TH
Detroit X-Wings batting - Pitching for Birmingham Barons : RHP Jorge Salazar
Batting: LHB Juan Colón 0-0: Foul Ball, location: 2F
0-1: Ball
1-1: Swinging Strike
1-2: Ground out 4-3 (Groundball, 4)
Batting: RHB Enrique Aguilar 0-0: Fly out, F8 (Flyball, 89M)
Batting: RHB Albert Chávez 0-0: Swinging Strike
0-1: Ball
1-1: Called Strike
1-2: Ball
2-2: Fly out, F4 (Popup, 34D)
Bottom of the 7th over - 0 run(s), 0 hit(s), 0 error(s), 0 left on base; Birmingham 1 - Detroit 0
TOP OF THE 8TH
Birmingham Barons batting - Pitching for Detroit X-Wings : LHP Richard Dorris
Batting: RHB Yujiro Kurihara 0-0: Called Strike
0-1: Foul Ball, location: 2F
0-2: Foul Ball, location: 2F
0-2: Ball
1-2: Ball
2-2: DOUBLE (Line Drive, 7LS)
Batting: SHB Anastasio Ortíz 0-0: Intentional Walk
Batting: RHB Jean-Paul St-Pierre 0-0: Ball
1-0: SINGLE (Line Drive, 6)
Yujiro Kurihara to third
Anastasio Ortíz to second
Runner from 3rd tries for Home, SAFE, no throw
Batting: RHB Vicente Elías 0-0: Bunted foul
0-1: Bunted foul
0-2: Strikes out looking
Pinch Hitting: RHB Juan Jiménez 0-0: Ball
1-0: Foul Ball, location: 2F
1-1: Foul Ball, location: 2F
1-2: Grounds into double play, 6-4-3 (Groundball, 6D)
Top of the 8th over - 1 run(s), 2 hit(s), 0 error(s), 1 left on base; Birmingham 2 - Detroit 0
BOTTOM OF THE 8TH
Detroit X-Wings batting - Pitching for Birmingham Barons : RHP Jorge Salazar
Now at 2B: Andrew Curran
Now at 3B: Juan Jiménez
Batting: RHB Keith Sims 0-0: Called Strike
0-1: Called Strike
0-2: Ball
1-2: Strikes out looking
Batting: LHB Sergio Luna 0-0: Ball
1-0: Ground out 6-3 (Groundball, 56)
Batting: RHB Jorge Castillo 0-0: Swinging Strike
0-1: Foul Ball, location: 2F
0-2: Ball
1-2: Ball
2-2: Foul Ball, location: 2F
2-2: Ground out 1-3 (Groundball, 15S)
Bottom of the 8th over - 0 run(s), 0 hit(s), 0 error(s), 0 left on base; Birmingham 2 - Detroit 0
TOP OF THE 9TH
Birmingham Barons batting - Pitching for Detroit X-Wings : LHP Richard Dorris
Pitching: RHP Lance Sanders
Batting: RHB Pete Smith 0-0: Called Strike
0-1: Ball
1-1: Foul Ball, location: 2F
1-2: Ball
2-2: Foul Ball, location: 2F
2-2: Foul Ball, location: 2F
2-2: Foul Ball, location: 2F
2-2: Strikes out swinging
Batting: RHB David Raymos 0-0: Called Strike
0-1: Ball
1-1: Ground out 4-3 (Groundball, 4)
Batting: LHB Al Gaines 0-0: Ball
1-0: Foul Ball, location: 2F
1-1: Fly out, F9 (Line Drive, 9)
Top of the 9th over - 0 run(s), 0 hit(s), 0 error(s), 0 left on base; Birmingham 2 - Detroit 0
BOTTOM OF THE 9TH
Detroit X-Wings batting - Pitching for Birmingham Barons : RHP Jorge Salazar
Batting: LHB Paul Alston 0-0: Swinging Strike
0-1: Ground out 5-3 (Groundball, 56)
Batting: RHB Júlio López 0-0: Ball
1-0: Ball
2-0: Swinging Strike
2-1: Ball
3-1: Swinging Strike
3-2: Base on Balls
Pitching: RHP Guillermo Lozano
Batting: LHB Chris Loudermilk 0-0: Ball
1-0: Ball
2-0: Ball
3-0: Called Strike
3-1: Swinging Strike
3-2: Strikes out looking
Batting: LHB Juan Colón 0-0: Ball
1-0: Ball
2-0: Ball
3-0: Called Strike
3-1: Foul Ball, location: 2F
3-2: Strikes out swinging
Bottom of the 9th over - 0 run(s), 0 hit(s), 0 error(s), 1 left on base; Birmingham 2 - Detroit 0
Thursday, March 30th, 2017 - OOTP Baseball 17.12 Build 75